 Dungeon Crawl Stone Soup version 0.16.1-2-g95b8d4c (webtiles) character file.

9844 karlm the Destroyer (level 11, -2/97 HPs)
             Began as a Naga Wizard on Mar 24, 2015.
             Was an Elder of Vehumet.
             Killed from afar by a gargoyle (13 damage)
             ... with a stone arrow
             ... on level 11 of the Dungeon.
             The game lasted 00:47:41 (10834 turns).

karlm the Destroyer (Naga Wizard)                  Turns: 10834, Time: 00:47:41

Health: -2/97      AC: 11    Str: 10      XL:     11   Next: 52%
Magic:  25/25      EV:  9    Int: 22      God:    Vehumet [****..]
Gold:   501        SH:  2    Dex:  6 (9)  Spells: 8 memorised, 6 levels left

rFire  + . .     SeeInvis +     O - +0 long sword (protect)
rCold  . . .     Clarity  +     a - +0 robe
rNeg   . . .     SustAb   .     g - +0 buckler
rPois  +         Gourm    .     t - +0 helmet
rElec  .         Spirit   .     C - +0 cloak
rCorr  .         Warding  .     (no gloves)
rMut   .         Stasis   .     (no barding)
MR     +....                    w - amulet of clarity
Stlth  ++........               z - ring of protection from fire
                                q - ring of poison resistance

@: very slow, somewhat resistant to hostile enchantments, unstealthy
A: spit poison, see invisible, deformed body, poison resistance, slowness 2, AC
+3
a: Spit Poison, Renounce Religion


You were on level 11 of the Dungeon.
You worshipped Vehumet.
Vehumet was greatly pleased with you.
You were very hungry.

You visited 1 branch of the dungeon, and saw 11 of its levels.

You collected 501 gold pieces.

Inventory:

Hand weapons
 r - a +1 spear
 O - a +0 long sword of protection (weapon)
 U - the +3 hunting sling "Fusmolobbok" {velocity, rF+ Stlth+}
   (You found it on level 8 of the Dungeon)

   Any stone fired from it inflicts extra damage.
   It protects you from fire.
   It makes you more stealthy.
Missiles
 f - 157 stones
 j - 17 poisoned sling bullets
 l - 20 exploding sling bullets
 n - 39 sling bullets
 A - 8 tomahawks (quivered)
 G - 27 poisoned needles
Armour
 a - a +0 robe (worn)
 g - a +0 buckler (worn)
 t - a +0 helmet (worn)
 C - a +0 cloak (worn)
 Q - a +0 leather armour of fire resistance
Jewellery
 q - a ring of poison resistance (left hand)
 w - an amulet of clarity (around neck)
 y - an uncursed amulet of resist mutation
 z - a ring of protection from fire (right hand)
 N - an uncursed ring of stealth {unknown}
 Z - an uncursed amulet of guardian spirit {unknown}
Magical devices
 v - a wand of fireball (0)
 H - a wand of magic darts (23)
 L - a wand of digging (13)
 W - a wand of polymorph (9)
 X - a wand of cold (1)
Scrolls
 e - 2 scrolls of identify
 i - 6 scrolls of remove curse
 m - 3 scrolls of immolation {unknown}
 p - 2 scrolls of enchant armour {unknown}
 x - 2 scrolls of blinking {unknown}
 B - a scroll of fear {unknown}
 I - a scroll of vulnerability {unknown}
 K - a scroll of random uselessness {unknown}
 M - a scroll of magic mapping {unknown}
 R - a scroll of noise {unknown}
 T - a scroll of amnesia {unknown}
 V - a scroll of teleportation {unknown}
Potions
 o - a potion of heal wounds
 s - a potion of flight
 u - 2 potions of curing
 D - a potion of haste
 E - a potion of cure mutation
 J - 3 potions of might
Books
 b - a book of Necromancy

   Spells                             Type                      Level
   a - Pain                           Necromancy                   1
   b - Animate Skeleton               Necromancy                   1
   c - Vampiric Draining              Necromancy                   3
   d - Regeneration                   Charms/Necromancy            3
   e - Animate Dead                   Necromancy                   4
   f - Control Undead                 Necromancy                   4
 c - a book of Minor Magic

   Spells                             Type                      Level
   a - Magic Dart                     Conjuration                  1
   b - Blink                          Translocation                2
   c - Call Imp                       Summoning                    2
   d - Repel Missiles                 Charms/Air                   2
   e - Slow                           Hexes                        2
   f - Conjure Flame                  Conjuration/Fire             3
   g - Mephitic Cloud                 Conjuration/Poison/Air       3
 S - a book of Dreams

   Spells                             Type                      Level
   a - Ensorcelled Hibernation        Hexes/Ice                    2
   b - Flight                         Charms/Air                   3
   c - Phase Shift                    Translocation                5
   d - Shadow Creatures               Summoning                    5
   e - Mass Confusion                 Hexes                        6
   f - Darkness                       Hexes                        7
 Y - a Necronomicon {highlevel, unknown}

   This book is beyond your current level of understanding.

   Spells                             Type                      Level
   a - Haunt                          Necromancy/Summoning         7
   b - Borgnjor's Revivification      Necromancy                   8
   c - Death's Door                   Charms/Necromancy            8
   d - Necromutation                  Transmutation/Necromancy     8
Comestibles
 d - 8 bread rations
 h - 4 beef jerkies
 k - 8 slices of pizza
 F - 3 meat rations


   Skills:
 + Level 5.6 Fighting
 + Level 5.1 Dodging
 - Level 3.0 Stealth
 + Level 6.1 Spellcasting
 * Level 12.4 Conjurations
 - Level 1.0 Summonings
 - Level 1.0 Translocations
 * Level 7.6 Fire Magic


You had 6 spell levels left.
You knew the following spells:

 Your Spells              Type           Power        Failure   Level  Hunger
a - Magic Dart            Conj           ####         1%          1    None
b - Call Imp              Summ           ##......     17%         2    None
c - Blink                 Tloc           N/A          17%         2    None
d - Conjure Flame         Conj/Fire      ######..     1%          3    #......
e - Mephitic Cloud        Conj/Pois/Air  ###.....     2%          3    #......
f - Flame Tongue          Conj/Fire      #####        1%          1    None
g - Throw Flame           Conj/Fire      ######       1%          2    None
h - Repel Missiles        Chrm/Air       #.....       24%         2    None


Dungeon Overview and Level Annotations

Branches:
Dungeon (11/15)            Temple (0/1) D:6
   Lair: D:8-11         Orc: D:9-12

Altars:
Elyvilon
Fedhas
Makhleb
Qazlal
Sif Muna
Trog
Vehumet
Xom

Shops:
D:6 !


Innate Abilities, Weirdness & Mutations

You cannot wear boots.
You can spit poison.
Your serpentine skin is tough (AC +3).
You have supernaturally acute eyesight.
Armour fits poorly on your strangely shaped body.
Your system is resistant to poisons.
You cover ground very slowly.


Message History

The stone arrow hits you!
There is a stone staircase leading up here.
You climb upwards.
There is a stone staircase leading down here.
You climb downwards.
There is a stone staircase leading up here.
The gargoyle hurls a stone arrow at you.
The stone arrow hits you!
The troll shouts!
The gargoyle hurls a stone arrow at you.
The stone arrow hits you!
The gargoyle hurls a stone arrow at you.
The stone arrow hits you!
* * * LOW HITPOINT WARNING * * *
The gargoyle hurls a stone arrow at you.
The stone arrow hits you!
* * * LOW HITPOINT WARNING * * *
The gargoyle hurls a stone arrow at you.
The stone arrow hits you!
You die...

##.....)..........#.....
..........#######.# #
..#.....$## #.#
#(......## #.##
###........######..######
#.......9#.........#.....
#.#......####............
#......# #.............
#....T@# #.............
######## #....<........
#.......!.....
#.............
##............
##.....#.....
############


You could see a troll and a gargoyle.

Vanquished Creatures
  A wizard (D:9)
  Prince Ribbit (D:4)
  A human (D:8)
  A hog (D:8)
  2 yaks (D:8)
  A sky beast (D:9)
  4 ogres
  4 orc warriors
  A necrophage (D:7)
  A black bear (D:8)
  4 ice beasts
  2 centaurs (D:9)
  5 giant frogs
  10 wights
  A scorpion (D:5)
  6 crimson imps
  A centaur zombie (D:8)
  6 hounds
  A quasit (D:9)
  5 orc priests
  3 jellies
  Crazy Yiuf (D:6)
  2 iguanas
  4 orc wizards
  4 worker ants
  A sheep (D:8)
  A hound zombie (D:7)
  A hound skeleton (D:4)
  11 adders
  6 gnolls
  6 worms
  2 adder skeletons
  An adder zombie (D:6)
  4 giant geckos
  2 oozes
  39 orcs
  12 bats
  A bat skeleton (D:8)
  2 bat zombies
  9 hobgoblins
  9 jackals
  15 kobolds
  3 quokkas
  3 ball pythons
  5 giant cockroaches
  3 giant newts
  A giant spore (D:9)
  13 goblins
  A quokka skeleton (D:5)
  19 rats
  A ballistomycete (D:9)
243 creatures vanquished.

Notes
Turn   | Place    | Note
--------------------------------------------------------------
     0 | D:1      | karlm, the Naga Wizard, began the quest for the Orb.
     0 | D:1      | Reached XP level 1. HP: 15/15 MP: 4/4
   214 | D:1      | Reached skill level 1 in Fighting
   214 | D:1      | Reached XP level 2. HP: 22/25 MP: 1/6
   976 | D:2      | Reached XP level 3. HP: 31/31 MP: 2/8
  1308 | D:2      | Found a blossoming altar of Fedhas.
  1495 | D:2      | Reached XP level 4. HP: 28/38 MP: 2/9
  1945 | D:3      | Found a radiant altar of Vehumet.
  2001 | D:3      | Became a worshipper of Vehumet
  2113 | D:3      | Learned a level 2 spell: Call Imp
  2116 | D:3      | Learned a level 2 spell: Blink
  2120 | D:3      | Learned a level 3 spell: Conjure Flame
  2585 | D:3      | Reached skill level 1 in Fire Magic
  2585 | D:3      | Reached XP level 5. HP: 39/45 MP: 6/11
  2753 | D:4      | Found a white marble altar of Elyvilon.
  2970 | D:4      | Noticed Prince Ribbit
  3000 | D:4      | Noticed an ogre
  3025 | D:4      | Killed an ogre
  3025 | D:4      | Reached XP level 6. HP: 42/54 MP: 8/13
  3048 | D:4      | Acquired Vehumet's first power
  3048 | D:4      | Offered knowledge of Flame Tongue by Vehumet.
  3053 | D:4      | Learned a level 3 spell: Mephitic Cloud
  3055 | D:4      | Learned a level 1 spell: Flame Tongue
  3478 | D:4      | Noticed an ogre
  3485 | D:4      | Killed an ogre
  3504 | D:4      | Reached XP level 7. HP: 58/61 MP: 9/15
  3508 | D:4      | Reached skill level 4 in Conjurations
  3930 | D:4      | Killed Prince Ribbit
  4005 | D:5      | Entered Level 5 of the Dungeon
  4291 | D:5      | Found a shimmering altar of Xom.
  4291 | D:5      | Found a shimmering altar of Xom.
  4291 | D:5      | Found a shimmering altar of Xom.
  4292 | D:5      | Found a shimmering altar of Xom.
  4292 | D:5      | Found a shimmering altar of Xom.
  4293 | D:5      | Offered knowledge of Sting by Vehumet.
  4334 | D:5      | Reached XP level 8. HP: 57/69 MP: 8/18
  5236 | D:6      | Found a stormy altar of Qazlal.
  5280 | D:6      | Found a staircase to the Ecumenical Temple.
  5326 | D:6      | Noticed Crazy Yiuf
  5341 | D:6      | Killed Crazy Yiuf
  5445 | D:6      | Reached skill level 5 in Conjurations
  5658 | D:6      | Found Tralaro's Distillery.
  5922 | D:6      | Noticed a moth of wrath
  5924 | D:6      | Found a bloodstained altar of Trog.
  6484 | D:7      | Found a deep blue altar of Sif Muna.
  6582 | D:7      | Reached skill level 5 in Fire Magic
  6693 | D:7      | Reached skill level 6 in Conjurations
  6693 | D:7      | Reached XP level 9. HP: 78/78 MP: 0/20
  6995 | D:7      | Offered knowledge of Throw Flame by Vehumet.
  7059 | D:7      | Learned a level 2 spell: Throw Flame
  7238 | D:7      | Reached skill level 5 in Spellcasting
  7691 | D:8      | Acquired Vehumet's second power
  7984 | D:8      | Found a burning altar of Makhleb.
  8146 | D:8      | Reached skill level 7 in Conjurations
  8374 | D:8      | Reached skill level 5 in Fighting
  8546 | D:8      | Got a scorched hunting sling
  8547 | D:8      | Identified the cursed +3 hunting sling "Fusmolobbok" {velocity, rF+ Stlth+} (You found it on level 8 of the Dungeon)
  8761 | D:8      | Reached XP level 10. HP: 82/88 MP: 4/23
  9062 | D:9      | Offered knowledge of Static Discharge by Vehumet.
  9479 | D:8      | Learned a level 2 spell: Repel Missiles
  9761 | D:9      | Reached skill level 8 in Conjurations
  9767 | D:9      | Acquired Vehumet's third power
  9985 | D:9      | Reached skill level 5 in Dodging
 10281 | D:9      | Offered knowledge of Ignite Poison by Vehumet.
 10316 | D:9      | Noticed a wizard
 10328 | D:9      | Killed a wizard
 10657 | D:10     | Entered Level 10 of the Dungeon
 10657 | D:10     | Found a stormy altar of Qazlal.
 10752 | D:10     | Reached skill level 12 in Conjurations
 10752 | D:10     | Reached XP level 11. HP: 97/97 MP: 25/25
 10834 | D:11     | Killed from afar by a gargoyle

Action                   |  1- 3 |  4- 6 |  7- 9 | 10-12 || total
-------------------------+-------+-------+-------+-------++-------
Melee: Spear             |     4 |    16 |    19 |    31 ||    70
       Long sword        |       |       |     6 |     8 ||    14
Throw: Stone             |    17 |     1 |       |       ||    18
 Cast: Magic Dart        |    41 |   113 |   252 |    50 ||   456
       Flame Tongue      |       |       |    54 |       ||    54
       Conjure Flame     |       |       |    10 |    17 ||    27
       Throw Flame       |       |       |    78 |    64 ||   142
       Repel Missiles    |       |       |       |     1 ||     1
 Abil: Spit Poison       |    17 |    41 |    45 |    17 ||   120
Evoke: Wand              |       |       |     2 |       ||     2
  Use: Scroll            |       |     1 |     7 |     5 ||    13
       Potion            |       |       |       |     1 ||     1
 Stab: Sleeping          |     2 |     1 |       |       ||     3
  Eat: Chunk             |     2 |     9 |    19 |     7 ||    37
